 Dungeon Crawl Stone Soup version 0.21-a0-624-g16f8e2c (webtiles) character file.

515223 TheGoonsmith the End of an Era (level 27, 0/220 HPs)
             Began as a Formicid Fighter on Dec 23, 2017.
             Was the Champion of Qazlal.
             Killed by divine providence
             ... invoked by a deep elf high priest
              (11 damage)
             ... on level 3 of the Elven Halls.
             The game lasted 02:25:07 (53712 turns).

TheGoonsmith the End of an Era (Formicid Fighter)  Turns: 53712, Time: 02:25:07

Health: 0/220      AC: 28    Str: 31    XL:     27
Magic:  42/48      EV:  9    Int:  8    God:    Qazlal [******]
Gold:   1122       SH: 28    Dex: 11    Spells: 30/34 levels left

rFire    + + +     SeeInvis +   a - +8 battleaxe (freeze)
rCold    + + .     Gourm    .   M - +0 large shield
rNeg     . . .     Faith    +   A - +3 gold dragon scales
rPois    +         Spirit   .   (helmet unavailable)
rElec    .         Reflect  .   c - +2 cloak {MR+}
rCorr    .         Harm     .   l - +2 pair of gloves
MR       ++++.                  N - +2 pair of boots
Stlth    ..........             z - amulet of faith
HPRegen  0.46/turn              p - ring "Xupn" {rF+++ rC+ MP+9 Int-2}
MPRegen  0.31/turn              E - ring "Piodieme" {Wiz +Blink rPois MR+}

@: singing, heavily drained, repel missiles
A: permanent stasis, dig shafts and tunnels, four strong arms, antennae 3,
deformed body
}: 2/15 runes: decaying, serpentine
a: Dig, Shaft Self, Upheaval, Elemental Force, Disaster Area, Renounce Religion


You were on level 3 of the Elven Halls.
You worshipped Qazlal.
Qazlal was exalted by your worship.
You were not hungry.

You visited 8 branches of the dungeon, and saw 43 of its levels.
You also visited: Sewer and Ice Cave.

You collected 6348 gold pieces.
You spent 5226 gold pieces at shops.

Inventory:

Hand Weapons
 a - a +8 battleaxe of freezing (weapon)
Armour
 c - a +2 cloak of magic resistance (worn)
 l - a +2 pair of gloves (worn)
 A - +3 gold dragon scales (worn)
 B - +0 ice dragon scales
 F - +4 fire dragon scales {Xtahua}
 M - a +0 large shield (worn)
 N - a +2 pair of boots (worn)
 X - a +2 plate armour of positive energy
Jewellery
 i - a +4 ring of slaying
 p - the ring "Xupn" (left hand) {rF+++ rC+ MP+9 Int-2}
   (You bought it in a shop on level 11 of the Dungeon)

   [ring of magical power]

   It affects your intelligence (-2).
   It renders you almost immune to fire.
   It protects you from cold.
   It affects your magic capacity (+9).
 w - an uncursed ring of resist corrosion
 x - the ring of Xom's Approval {rElec rF+ Dex+2, unknown}
   (You took it off a deep elf demonologist on level 3 of the Elven Halls)

   [ring of protection from fire]

   It affects your dexterity (+2).
   It protects you from fire.
   It insulates you from electricity.
 z - an amulet of faith (around neck)
 E - the ring "Piodieme" (right hand) {Wiz +Blink rPois MR+}
   (You took it off a deep elf mage on level 4 of the Vaults)

   [ring of wizardry]

   It improves your spell success rate.
   It protects you from poison.
   It affects your resistance to hostile enchantments.
   It lets you blink.
 U - the ring of Ydiss {rF- rC- rN++ Int+10 SInv, unknown}
   (You took it off a deep elf death mage on level 3 of the Elven Halls)

   [ring of see invisible]

   It affects your intelligence (+10).
   It makes you vulnerable to fire.
   It makes you vulnerable to cold.
   It greatly protects you from negative energy.
   It lets you see invisible.
Wands
 j - a wand of iceblast (22)
 n - a wand of acid (63)
 t - a wand of polymorph (85)
 u - a wand of digging (84)
 K - a wand of paralysis (60)
 O - a wand of clouds (8)
 R - a wand of flame (68)
Scrolls
 b - 6 scrolls of fear
 e - 11 scrolls of fog
 o - 23 scrolls of remove curse
 r - 12 scrolls of identify
 C - 4 scrolls of magic mapping
 H - 2 scrolls of silence
 S - 4 scrolls of amnesia
 Y - a scroll of enchant weapon
Potions
 d - 2 potions of cancellation
 g - 4 potions of heal wounds
 h - 8 potions of flight
 m - 7 potions of magic
 q - 2 potions of brilliance
 s - 5 potions of resistance
 v - 17 potions of curing
 D - 4 potions of might
 G - 4 potions of agility
 L - 2 potions of invisibility
Books
 k - a book of Necromancy

   Spells                             Type                      Level
   a - Pain                           Necromancy                   1
   b - Animate Skeleton               Necromancy                   1
   c - Vampiric Draining              Necromancy                   3
   d - Regeneration                   Charms/Necromancy            3
   e - Animate Dead                   Necromancy                   4
   f - Borgnjor's Vile Clutch         Necromancy/Earth             5
 y - a book of Alchemy

   Spells                             Type                      Level
   a - Sublimation of Blood           Necromancy                   2
   b - Ignite Poison                  Fire/Transmutation/Poison    3
   c - Petrify                        Transmutation/Earth          4
   d - Alistair's Intoxication        Transmutation/Poison         5
   e - Irradiate                      Conjuration/Transmutation    5
 J - the Incunabulum of Lucky Ice
   (You found it on level 3 of the Depths)

   Spells                             Type                      Level
   a - Throw Frost                    Conjuration/Ice              2
   b - Ensorcelled Hibernation        Hexes/Ice                    2
   c - Ice Form                       Ice/Transmutation            4
   d - Deflect Missiles               Charms/Air                   6
   e - Bolt of Cold                   Conjuration/Ice              6
 P - a book of Clouds

   Spells                             Type                      Level
   a - Poisonous Vapours              Poison/Air                   2
   b - Mephitic Cloud                 Conjuration/Poison/Air       3
   c - Conjure Flame                  Conjuration/Fire             3
   d - Freezing Cloud                 Conjuration/Ice/Air          6
   e - Ring of Flames                 Charms/Fire                  7
 V - a book of Unlife

   Spells                             Type                      Level
   a - Recall                         Summoning/Translocation      3
   b - Animate Dead                   Necromancy                   4
   c - Borgnjor's Vile Clutch         Necromancy/Earth             5
   d - Death Channel                  Necromancy                   6
   e - Simulacrum                     Ice/Necromancy               6
 W - Dispater's Compendium of Supportive Conjuration
   (You found it on level 1 of the Elven Halls)

   Spells                             Type                      Level
   a - Call Canine Familiar           Summoning                    3
   b - Iskenderun's Mystic Blast      Conjuration                  4
   c - Dragon's Call                  Summoning                    9
Miscellaneous
 I - a lamp of fire
 Q - 4 boxes of beasts
Comestibles
 f - 47 rations


   Skills:
 + Level 18.9(15.1) Fighting
 - Level 20.0(16.1) Axes
 + Level 18.9(15.1) Armour
 + Level 11.4(8.2) Dodging
 - Level 15.0(11.5) Shields
 - Level 4.0(1.3) Spellcasting
 - Level 8.0(5.0) Charms
 + Level 25.4(21.1) Invocations
 - Level 10.0(6.9) Evocations


You had 30 spell levels left.
You knew the following spells:

 Your Spells              Type           Power        Failure   Level  Hunger
a - Song of Slaying       Chrm           #.......     61%         2    ###....
b - Swiftness             Chrm/Air       #.......     91%         2    ###....


Dungeon Overview and Level Annotations

Branches:
Dungeon (15/15)            Temple (0/1) D:4            Lair (6/6) D:9
  Swamp (4/4) Lair:2        Snake (4/4) Lair:4        Slime (0/5) Lair:5
    Orc (2/2) D:10            Elf (3/3) Orc:2        Vaults (4/5) D:14
  Crypt (0/3) Vaults:2     Depths (5/5) D:15            Zot (0/5) Depths:5

Altars:
Cheibriados
Elyvilon
Fedhas
Gozag
Hepliaklqana
Kikubaaqudgha
Nemelex Xobeh
Qazlal
Sif Muna
Trog
Uskayaw
Wu Jian
Xom
Yredelemnul
Beogh
Lugonu

Shops:
D:10 [   D:11 *==   Orc:2 %!}=   Snake:2 ?   Vaults:1 }*}(%   Vaults:2 [
Vaults:3 (   Vaults:4 (   Depths:3 =   Depths:4 %![*   Depths:5 }==

Portals:
Hell: Depths:1 Depths:2 Depths:3 Depths:4 Depths:5
Abyss: Depths:1 Depths:2 Depths:3 Depths:4
Pandemonium: Depths:3
Ziggurat: Depths:5

Annotations:
Lair:4 exclusion: oklob plant
Lair:5 exclusion: 2 oklob plants
Snake:1 3 runed doors
Elf:2 1 runed door


Innate Abilities, Weirdness & Mutations

You cannot be hasted, slowed, berserked, paralysed or teleported.
You can dig through walls and to a lower floor.
Your four strong arms can wield two-handed weapons with a shield.
You have a pair of large antennae on your head. (SInv)
Armour fits poorly on your strangely shaped body.


Message History

The deep elf blademaster is struck by lightning.
The deep elf blademaster hits you with a rapier!
* * * LOW HITPOINT WARNING * * *
You block the deep elf blademaster's attack.
Unknown command.
You slash the earth elemental!
The earth elemental is moderately damaged.
You hit the earth elemental. You hit the deep elf high priest.
You freeze the deep elf high priest.
Your gold dragon scales prevents you from hitting the deep elf blademaster.
The deep elf blademaster hits you but does no damage. x2
The deep elf death mage gestures at you while chanting.
The bolt of negative energy hits you!
You feel drained.
* * * LOW HITPOINT WARNING * * *
The bolt of negative energy hits the earth elemental.
The earth elemental completely resists.
The deep elf high priest starts to sing a prayer.
The deep elf high priest mumbles some strange prayers to its god against you.
Something smites you!
You die...

...)#...#...#...#...#
....#...#...#...#...#
....'...#...#..≈#...#
#####...#'###...#.≈.#
.....).)..≈≈≈...#...#
..........≈..≈≈.#...#
...........≈.≈≈≈§...#
#############.§§EE§.#
.......,....≈*§e@§§.#
.......,....≈.§)e≈§.#
.......,.≈...ee).§§.#
#######*#####e##..###
***#ee{#### ***,,#.e,*,,***
***,,,{#.,,*,,,,***
***,,,,,*#*,***,,,,,***
***,,,,,***,,,,,***,,,,,***


You could see a deep elf blademaster, a deep elf annihilator, a deep elf death
mage, 3 deep elf elementalists, a deep elf high priest, 2 earth elementals and a
lost soul.

Vanquished Creatures
  An ancient lich (Depths:4)
  Xtahua (Vaults:3)
  Vashnia (Snake:3)
  A profane servitor (Depths:1)
  4 liches
  3 titans
  The ghost of gg19 the Hand of Fortune, an adept DrMo of Nemelex Xobeh (Elf:3)
  A quicksilver dragon (Depths:3)
  3 sphinxes
  2 shadow dragons (Depths:5)
  3 tentacled starspawn (Depths:3)
  Kirke (D:15)
  3 tengu reavers
  3 thorn hunters
  Agnes (Snake:3)
  2 draconian knights (Depths:5)
  8 nagarajas
  The ghost of DemiseSR the Executioner, a journeyman MiBe of Trog (Snake:1)
  8 fire giants
  4 orc warlords
  Aizul (Snake:2)
  11 frost giants
  12 vault wardens
  A caustic shrike zombie (Depths:4)
  5 deep elf elementalists
  A draconian shifter (Depths:5)
  5 deep elf sorcerers
  11 ironheart preservers
  47 very ugly things
  A war gargoyle (Vaults:4)
  14 stone giants
  7 vampire knights
  5 deep elf demonologists
  5 deep elf annihilators
  8 spark wasps (Depths:2)
  A white draconian (Depths:5)
  2 yellow draconians (Depths:5)
  A purple draconian (Depths:5)
  A blizzard demon (Depths:3)
  11 ettins
  Snorg (D:14)
  5 deep elf death magi (Elf:3)
  6 fire dragons
  2 minotaurs (D:13)
  15 yaktaur captains
  2 pearl dragon zombies (Depths:1)
  4 deep elf high priests (Elf:3)
  3 jiangshi (Depths:1)
  3 rakshasas
  7 ice dragons
  8 great orbs of eyes
  12 vault guards
  8 hydras
  17 naga warriors
  3 catoblepae
  2 caustic shrike simulacra (Depths:2)
  A ghost crab (Swamp:3)
  3 death knights
  14 anacondas
  5 spriggan air magi
  17 ogre magi
  9 centaur warriors
  5 alligators
  A tengu warrior (Depths:2)
  53 two-headed ogres
  26 dancing weapons
  3 hell hogs (Depths:1)
  9 vampire magi
  17 naga sharpshooters
  A titan zombie (D:15)
  13 death yaks
  11 deep troll earth magi
  6 hell knights
  4 orc high priests (Depths:2)
  6 deep troll shamans
  7 spriggan berserkers
  4 shock serpents
  A thrashing horror (Depths:3)
  19 deep elf knights
  2 shadow wraiths
  A wretched star (Depths:3)
  A storm dragon skeleton (Depths:4)
  3 glowing orange brains
  A sea snake (shapeshifter) (D:15)
  5 iron trolls
  3 skeletal warriors
  7 wizards
  An unseen horror (D:15)
  35 deep trolls
  4 salamander mystics
  2 sea snakes (Snake:1)
  2 shambling mangroves (Swamp:1)
  A flayed ghost (Vaults:3)
  2 spriggan druids
  4 swamp dragons
  9 naga ritualists
  18 ironbrand convokers
  12 deep elf archers
  10 orc knights
  4 phantasmal warriors
  3 lindwurms
  79 deep elf magi
  3 harpies (Vaults:4)
  5 wolf spiders
  5 necromancers
  A faun (shapeshifter) (Vaults:3)
  65 ugly things
  The ghost of slippy the Transmogrifier, a novice DrTm of Qazlal (D:6)
  3 orc sorcerers
  An oklob plant (Snake:2)
  6 cyclopes
  14 mana vipers
  3 stone giant zombies (D:15)
  4 manticores
  A moth of wrath (shapeshifter) (D:14)
  4 salamanders
  A manticore (shapeshifter) (Depths:5)
  2 frost giant zombies (Depths:2)
  A worldbinder (Depths:3)
  41 black mambas
  6 elephants
  4 apis skeletons (Depths:1)
  An ice statue (IceCv)
  4 guardian serpents
  14 vault sentinels
  An orange demon (Depths:3)
  A spiny frog (shapeshifter) (Depths:1)
  2 gargoyles (Depths:4)
  27 naga magi
  19 spiny frogs
  3 efreet
  6 rime drakes
  A storm dragon simulacrum (Depths:4)
  54 yaktaurs
  3 kobold demonologists (D:15)
  2 tengu conjurers
  7 freezing wraiths
  8 komodo dragons
  The ghost of DemiseSR the Chopper, an amateur MiBe of Trog (D:5)
  A polar bear (shapeshifter) (Depths:5)
  12 polar bears (IceCv)
  2 queen bees (shapeshifter)
  9 trolls
  A sphinx simulacrum (Vaults:3)
  23 hornets
  3 meliai (D:12)
  A wind drake (shapeshifter) (Vaults:1)
  7 tyrant leeches
  27 blink frogs
  A hippogriff (shapeshifter) (Depths:5)
  A fire giant simulacrum (Depths:4)
  35 slime creatures
  3 dream sheep (Lair:6)
  8 hippogriffs
  7 bog bodies
  A stone giant simulacrum (Vaults:2)
  13 spriggans
  5 vampires
  A redback (shapeshifter) (Depths:3)
  59 yaks
  4 shadows
  A tarantella (shapeshifter) (Depths:3)
  7 air elementals
  Sigmund (D:2)
  A wyvern (shapeshifter) (Vaults:2)
  8 water elementals
  3 wraiths
  3 basilisks
  4 hogs (D:15)
  2 humans
  A human (shapeshifter) (Depths:1)
  A yak (shapeshifter) (Depths:2)
  2 hogs (shapeshifter)
  A wyvern (Lair:6)
  Grum (D:8)
  3 chaos spawn (Depths:3)
  4 fire elementals
  5 hungry ghosts
  A redback simulacrum (D:15)
  2 large abominations (Depths:3)
  2 steam dragons
  26 nagas
  4 swamp worm simulacra (Swamp:4)
  7 wargs
  15 vampire mosquitoes
  An acid dragon (D:14)
  12 hydra simulacra (Swamp:4)
  29 swamp worms
  An acid dragon (shapeshifter) (Vaults:4)
  12 water moccasins
  8 ice beasts
  8 porcupines
  5 swamp drakes
  34 orc warriors
  A sky beast (shapeshifter) (Depths:1)
  A black bear (D:7)
  3 sky beasts
  44 ogres
  An ettin simulacrum (Vaults:2)
  7 boggarts
  3 phantoms
  2 necrophages
  48 wolves
  15 centaurs
  11 crocodiles
  7 big kobolds
  A human zombie (Vaults:2)
  17 bullfrogs
  A gnoll sergeant (D:3)
  2 earth elementals
  A human skeleton (Vaults:2)
  A water moccasin zombie (D:11)
  A water moccasin skeleton (D:4)
  2 scorpions
  3 wyvern skeletons
  9 killer bees (D:12)
  An elf simulacrum (Vaults:3)
  20 wights
  8 electric eels
  2 vampire bats (D:5)
  5 crimson imps
  2 centaur zombies
  2 quasits
  2 human simulacra (Vaults:2)
  5 hounds
  Crazy Yiuf (D:5)
  12 orc priests
  An iron imp (Depths:2)
  4 jellies
  4 centaur skeletons
  2 gnoll shamans (D:4)
  23 orc wizards
  A bullfrog skeleton (D:11)
  6 iguanas
  7 worker ants
  2 spectral hounds (Depths:4)
  2 hound zombies
  A worker ant zombie (D:6)
  56 gnolls
  13 adders
  3 river rats (Sewer)
  4 shadow imps
  15 white imps
  An ooze (D:6)
  4 swamp drake simulacra (Swamp:4)
  3 worms (D:3)
  A dart slug (D:2)
  6 leopard geckos
  85 orcs
  16 bats
  7 giant cockroaches
  4 goblins
  6 hobgoblins
  19 jackals
  31 kobolds
  4 quokkas
  3 ball pythons
  6 frilled lizards
  A jackal zombie (D:5)
  8 rats
  2 briar patches (Swamp:4)
  A butterfly (Lair:5)
  2 crawling corpses (Elf:3)
  2 fungi
  3 plants
  4 starspawn tentacles (Depths:3)
  3 withered plants (D:15)
2115 creatures vanquished.

Vanquished Creatures (collateral kills)
  Saint Roka (Depths:2)
  Jorgrun (Snake:3)
  A hydra (D:13)
  2 death yaks (Lair:3)
  A black mamba (Snake:3)
  2 orc warriors (D:8)
  2 orcs (D:8)
10 creatures vanquished.

Vanquished Creatures (others)
  A rakshasa (Depths:2)
  A dancing weapon (Elf:1)
  A two-headed ogre (Depths:3)
  A spriggan (Depths:2)
  A naga ritualist (Snake:3)
  A harpy (Vaults:4)
  3 deep elf magi
  A hornet (Depths:2)
  A swamp drake (Swamp:4)
  An ogre (Orc:2)
  An orc wizard (D:3)
  A gnoll (D:13)
  3 kobolds
  7 fungi
  26 plants
  5 starspawn tentacles (Depths:3)
  A withered plant (D:15)
56 creatures vanquished.

Grand Total: 2181 creatures vanquished

Notes
Turn   | Place    | Note
-------+----------+-------------------------------------------
     0 | D:1      | TheGoonsmith the Formicid Fighter began the quest for the Orb.
     0 | D:1      | Reached XP level 1. HP: 18/18 MP: 1/1
   137 | D:1      | Reached XP level 2. HP: 24/24 MP: 2/2
   235 | D:1      | Found a sparkling altar of Nemelex Xobeh.
   309 | D:1      | Reached XP level 3. HP: 26/30 MP: 3/3
   606 | D:2      | Noticed Sigmund
   614 | D:2      | Killed Sigmund
   614 | D:2      | Reached skill level 5 in Shields
   614 | D:2      | Reached XP level 4. HP: 36/38 MP: 4/4
   614 | D:2      | Reached XP level 5. HP: 41/43 MP: 5/5
   759 | D:2      | Reached XP level 6. HP: 49/49 MP: 6/6
   782 | D:2      | Found a shimmering altar of Xom.
   782 | D:2      | Found a shimmering altar of Xom.
   782 | D:2      | Found a shimmering altar of Xom.
   783 | D:2      | Found a shimmering altar of Xom.
   783 | D:2      | Found a shimmering altar of Xom.
  1029 | D:3      | Found a bloodstained altar of Trog.
  1125 | D:2      | Reached skill level 5 in Fighting
  1588 | D:3      | Found a stormy altar of Qazlal.
  1616 | D:3      | Became a worshipper of Qazlal Stormbringer
  1864 | D:4      | Found an ornate altar of the Wu Jian Council.
  1868 | D:4      | Found a blossoming altar of Fedhas.
  2016 | D:4      | Noticed a phantom
  2018 | D:4      | Reached XP level 7. HP: 32/56 MP: 7/7
  2263 | D:4      | Reached skill level 5 in Axes
  2311 | D:4      | Reached * piety under Qazlal
  2325 | D:4      | HP: 1/56 [ogre/giant spiked club (6)]
  2335 | D:4      | Found a glowing drain.
  2412 | Sewer    | Entered a sewer
  2424 | Sewer    | Reached XP level 8. HP: 15/62 MP: 8/8
  2741 | Sewer    | Found a white marble altar of Elyvilon.
  3119 | D:4      | Found a basalt altar of Yredelemnul.
  3125 | D:4      | Found a snail-covered altar of Cheibriados.
  3237 | D:4      | Reached ** piety under Qazlal
  3857 | D:4      | Found a staircase to the Ecumenical Temple.
  3899 | D:5      | Entered Level 5 of the Dungeon
  3912 | D:5      | Reached *** piety under Qazlal
  3912 | D:5      | Reached XP level 9. HP: 44/68 MP: 9/9
  3921 | D:5      | Noticed DemiseSR's ghost (amateur MiBe)
  4242 | D:6      | Noticed slippy's ghost (novice DrTm)
  4271 | D:6      | Killed slippy's ghost
  4673 | D:7      | Reached skill level 1 in Invocations
  4764 | D:7      | Reached skill level 2 in Invocations
  4844 | D:7      | Reached skill level 3 in Invocations
  4939 | D:7      | Identified the Incunabulum of Conjuration and Aid
  5010 | D:7      | Reached skill level 4 in Invocations
  5097 | D:7      | Reached **** piety under Qazlal
  5105 | D:7      | Reached XP level 10. HP: 70/74 MP: 13/13
  5125 | D:7      | Found a hazy altar of Hepliaklqana.
  5131 | D:7      | Reached skill level 10 in Axes
  5148 | D:7      | Reached skill level 5 in Invocations
  5474 | D:8      | Noticed a two-headed ogre
  5481 | D:8      | Killed a two-headed ogre
  5481 | D:8      | Reached skill level 6 in Invocations
  6327 | D:8      | Noticed Grum
  6353 | D:8      | Killed Grum
  6435 | D:8      | Found a transporter.
  6470 | D:8      | Noticed an ogre mage
  6470 | D:8      | Found a roughly hewn altar of Beogh.
  6480 | D:8      | Killed an ogre mage
  6490 | D:8      | Reached XP level 11. HP: 33/80 MP: 9/16
  6558 | D:8      | Found a transporter.
  6787 | D:8      | Found an ancient bone altar of Kikubaaqudgha.
  7105 | D:9      | Found a staircase to the Lair.
  7122 | D:9      | Noticed a two-headed ogre
  7130 | D:9      | Killed a two-headed ogre
  7137 | D:9      | Found a white marble altar of Elyvilon.
  7233 | D:9      | Reached skill level 1 in Dodging
  7681 | D:9      | Found a white marble altar of Elyvilon.
  7892 | D:9      | Noticed a deep elf mage
  7897 | D:9      | Killed a deep elf mage
  7897 | D:9      | Reached skill level 5 in Armour
  7941 | D:10     | Entered Level 10 of the Dungeon
  8071 | D:10     | Reached ***** piety under Qazlal
  8079 | D:10     | Noticed a cyclops
  8090 | D:10     | Killed a cyclops
  8657 | D:10     | Found Meperchui's Armour Shoppe.
  8657 | D:10     | Found a staircase to the Orcish Mines.
  9025 | D:5      | Found the +4 Vampire's Tooth {vamp}
  9063 | D:5      | Found a hide-covered altar of Uskayaw.
  9080 | D:5      | Killed DemiseSR's ghost
  9428 | D:5      | Found a runed door.
  9432 | D:5      | Noticed Crazy Yiuf
  9438 | D:5      | Killed Crazy Yiuf
  9561 | Lair:1   | Entered Level 1 of the Lair of Beasts
  9595 | Lair:1   | Reached XP level 12. HP: 71/92 MP: 12/17
 11114 | Lair:2   | Found a staircase to the Swamp.
 11614 | Lair:3   | Noticed an eight-headed hydra
 11620 | Lair:3   | Killed an eight-headed hydra
 11694 | Lair:3   | Noticed a five-headed hydra
 11713 | Lair:3   | Killed a five-headed hydra
 11713 | Lair:3   | Reached XP level 13. HP: 79/98 MP: 5/18
 12069 | Lair:3   | Reached skill level 15 in Axes
 12963 | Lair:4   | Reached skill level 7 in Invocations
 13512 | Lair:4   | Found a staircase to the Snake Pit.
 13999 | Lair:5   | Reached skill level 8 in Invocations
 14798 | Lair:5   | Found a staircase to the Slime Pits.
 14981 | Lair:6   | Entered Level 6 of the Lair of Beasts
 15038 | Lair:6   | Reached XP level 14. HP: 82/108 MP: 20/20
 15060 | Lair:6   | Reached skill level 9 in Invocations
 15468 | Lair:6   | Reached skill level 10 in Armour
 15472 | Lair:6   | Reached skill level 10 in Fighting
 15610 | Lair:6   | Reached skill level 10 in Invocations
 15653 | Lair:6   | Reached skill level 11 in Invocations
 15859 | Lair:6   | HP: 1/110 [lindwurm/blast of flame (19)]
 15862 | Lair:6   | Reached skill level 12 in Invocations
 16209 | Lair:6   | Found an opulent altar of Gozag.
 16718 | Orc:1    | Entered Level 1 of the Orcish Mines
 16755 | Orc:1    | Found a frozen archway.
 16784 | IceCv    | Entered an ice cave
 17052 | IceCv    | Reached skill level 13 in Invocations
 17526 | IceCv    | Reached skill level 14 in Invocations
 17526 | IceCv    | Reached XP level 15. HP: 84/115 MP: 25/25
 17548 | IceCv    | Noticed a frost giant
 17572 | IceCv    | Killed a frost giant
 18420 | Orc:2    | Entered Level 2 of the Orcish Mines
 19196 | Orc:2    | Reached ****** piety under Qazlal
 19673 | Orc:2    | Found Sian's Jewellery Emporium.
 19673 | Orc:2    | Found Datiemyp's Gadget Boutique.
 19674 | Orc:2    | Found Voakk's Distillery.
 19674 | Orc:2    | Found Beomeris's Food Shoppe.
 19684 | Orc:2    | Bought a potion of resistance for 170 gold pieces
 19887 | Orc:2    | Found a staircase to the Elven Halls.
 20057 | Orc:2    | Bought a +4 ring of slaying for 1014 gold pieces
 20057 | Orc:2    | Bought an uncursed amulet of regeneration for 390 gold pieces
 20142 | Orc:2    | Bought a potion of might for 68 gold pieces
 20142 | Orc:2    | Bought a potion of might for 68 gold pieces
 20142 | Orc:2    | Bought a potion of heal wounds for 85 gold pieces
 20142 | Orc:2    | Bought a potion of heal wounds for 85 gold pieces
 20221 | D:11     | Found Eminies's Jewellery Emporium.
 20469 | D:11     | Found Guset's General Store.
 20807 | D:11     | Identified a scroll of acquirement
 20808 | D:11     | Got a crystal broad axe
 20809 | D:11     | Identified the +8 broad axe "Qepton" {freeze, *Rage rElec Int+4} (You acquired it on level 11 of the Dungeon)
 20836 | D:11     | Found a deep blue altar of Sif Muna.
 21148 | D:11     | Found Wyutz's Jewellery Shoppe.
 21867 | D:13     | Reached XP level 16. HP: 84/129 MP: 9/26
 22418 | D:13     | Identified the Grimoire of Cloudy Ice
 22669 | D:13     | Found a runed door.
 22725 | D:13     | Got an ichor-stained chain mail
 22744 | D:13     | Identified the +3 chain mail of the Crypt {rCorr Int-3 Dex+10 Slay-6} (You found it on level 13 of the Dungeon)
 23357 | D:14     | Noticed a sphinx
 23365 | D:14     | Killed a sphinx
 23421 | D:14     | Noticed Snorg
 23431 | D:14     | Killed Snorg
 23692 | D:14     | Found a gate to the Vaults.
 24134 | D:15     | Entered Level 15 of the Dungeon
 24195 | D:15     | Noticed Kirke
 24300 | D:15     | Killed Kirke
 24345 | D:15     | Reached XP level 17. HP: 136/136 MP: 27/27
 24655 | D:15     | Found a staircase to the Depths.
 25721 | Swamp:1  | Entered Level 1 of the Swamp
 26181 | Swamp:1  | Got a steaming shield
 26182 | Swamp:1  | Identified the cursed +0 shield of Toimui {*Corrode rF++ Str+5} (You took it off a spriggan rider on level 1 of the Swamp)
 27084 | Swamp:3  | Noticed a thorn hunter
 27092 | Swamp:3  | Killed a thorn hunter
 27471 | Swamp:3  | Reached skill level 15 in Invocations
 27914 | Swamp:4  | Entered Level 4 of the Swamp
 27924 | Swamp:4  | Reached XP level 18. HP: 143/143 MP: 29/29
 28249 | Swamp:4  | Reached skill level 16 in Invocations
 28419 | Swamp:4  | Got a decaying rune of Zot
 28975 | Snake:1  | Entered Level 1 of the Snake Pit
 28975 | Snake:1  | Noticed DemiseSR's ghost (journeyman MiBe)
 28988 | Snake:1  | Killed DemiseSR's ghost
 29110 | Snake:1  | Reached skill level 17 in Invocations
 29420 | Snake:1  | Found a runed gate.
 29420 | Snake:1  | Found a runed gate.
 29420 | Snake:1  | Found a runed gate.
 29459 | Snake:1  | Reached skill level 18 in Invocations
 30274 | Snake:2  | Noticed Aizul
 30290 | Snake:2  | Killed Aizul
 30673 | Snake:2  | Found a snail-covered altar of Cheibriados.
 30868 | Snake:2  | Found Vogoez's Magic Scroll Emporium.
 30875 | Snake:2  | Bought a scroll of enchant armour for 112 gold pieces
 31417 | Snake:3  | Reached XP level 19. HP: 150/150 MP: 32/32
 31418 | Snake:3  | Noticed Agnes
 31418 | Snake:3  | Upgraded the game from 0.21-a0-618-g6cbd37f to 0.21-a0-624-g16f8e2c
 31427 | Snake:3  | Killed Agnes
 31427 | Snake:3  | Reached skill level 5 in Dodging
 31428 | Snake:3  | Noticed Vashnia
 31433 | Snake:3  | Noticed Jorgrun
 31448 | Snake:3  | Killed Jorgrun
 31652 | Snake:3  | Killed Vashnia
 32487 | Snake:4  | Entered Level 4 of the Snake Pit
 32845 | Snake:4  | Reached skill level 10 in Shields
 33047 | Snake:4  | Reached skill level 1 in Evocations
 33259 | Snake:4  | Reached XP level 20. HP: 120/160 MP: 33/33
 33431 | Snake:4  | Reached skill level 5 in Evocations
 34017 | Snake:4  | Got a serpentine rune of Zot
 34398 | Lair:1   | Learned a level 2 spell: Song of Slaying
 34401 | Lair:1   | Learned a level 2 spell: Swiftness
 34669 | Vaults:1 | Entered Level 1 of the Vaults
 34684 | Vaults:1 | Found Quilun's Gadget Shop.
 34714 | Vaults:1 | Reached skill level 15 in Fighting
 34731 | Vaults:1 | Found Quklu's General Store.
 34734 | Vaults:1 | Bought a potion of agility for 80 gold pieces
 34782 | Vaults:1 | Reached skill level 15 in Armour
 34923 | Vaults:1 | Found Wauhuzoics's Gadget Shop.
 35135 | D:11     | Bought the ring "Xupn" {rF+++ rC+ MP+9 Int-2} for 972 gold pieces
 35631 | Vaults:1 | Found Jerrur's Antique Weapon Shoppe.
 35926 | Vaults:1 | Found Dextass's Food Emporium.
 35995 | Vaults:2 | Found Gikasigu's Antique Armour Shop.
 36151 | Vaults:2 | Reached skill level 10 in Evocations
 36264 | Vaults:2 | Noticed a Hell Sentinel
 36265 | Vaults:2 | Reached XP level 21. HP: 132/168 MP: 34/34
 37042 | Vaults:2 | Found a staircase to the Crypt.
 37196 | Vaults:3 | Reached skill level 15 in Shields
 37462 | Vaults:3 | Noticed Xtahua
 37471 | Vaults:3 | Killed Xtahua
 38314 | Vaults:3 | Found Yteq's Antique Weapon Shop.
 38746 | Vaults:4 | Reached skill level 10 in Dodging
 38785 | Vaults:4 | Reached skill level 1 in Spellcasting
 38785 | Vaults:4 | Reached skill level 1 in Charms
 38833 | Vaults:4 | Reached XP level 22. HP: 175/175 MP: 35/35
 39092 | Vaults:4 | Reached skill level 5 in Charms
 39517 | Vaults:4 | Reached skill level 19 in Invocations
 39528 | Vaults:4 | Got a coiled pewter ring
 39728 | Vaults:4 | Found Qinouk's Antique Weapon Shoppe.
 40169 | Vaults:4 | Identified the ring "Piodieme" {Wiz +Blink rPois MR+} (You took it off a deep elf mage on level 4 of the Vaults)
 40427 | Depths:1 | Entered Level 1 of the Depths
 40592 | Depths:1 | Found a basalt altar of Yredelemnul.
 40598 | Depths:1 | Noticed a profane servitor
 40626 | Depths:1 | Killed a profane servitor
 40722 | Depths:1 | Found a hide-covered altar of Uskayaw.
 40772 | Depths:1 | Reached skill level 20 in Invocations
 40786 | Depths:1 | Found a one-way gate to the infinite horrors of the Abyss.
 41005 | Depths:1 | Reached XP level 23. HP: 157/181 MP: 37/37
 41051 | Depths:1 | Reached skill level 21 in Invocations
 41128 | Depths:1 | Found a gateway to Hell.
 42436 | Depths:2 | Reached skill level 22 in Invocations
 43983 | Depths:2 | Noticed Saint Roka
 43993 | Depths:2 | Killed Saint Roka
 43993 | Depths:2 | Reached XP level 24. HP: 167/189 MP: 31/38
 44978 | Depths:3 | Found Pulixac's Jewellery Shoppe.
 45014 | Depths:3 | Found a corrupted altar of Lugonu.
 45092 | Depths:3 | Found a transporter.
 45134 | Depths:3 | Found a transporter.
 45147 | Depths:3 | Identified the Incunabulum of Lucky Ice
 45287 | Depths:3 | Found a one-way gate leading to the halls of Pandemonium.
 45347 | Depths:3 | Found a corrupted altar of Lugonu.
 45443 | Depths:3 | Reached skill level 23 in Invocations
 45819 | Depths:4 | Reached XP level 25. HP: 73/200 MP: 38/38
 46549 | Depths:4 | Found a roughly hewn altar of Beogh.
 46671 | Depths:4 | Noticed an ancient lich
 46683 | Depths:4 | Killed an ancient lich
 46876 | Depths:4 | Found Vogoez's Slaves and Accessories.
 46922 | Depths:4 | Found The Legendary Ytaol's Legendary Smithy.
 46951 | Depths:4 | Found Jack's Jerk-a-riffic Jerky.
 46999 | Depths:4 | Found Roorhem's Miraculous Elixirs.
 47834 | D:11     | Bought a scroll of acquirement for 572 gold pieces
 48059 | Vaults:2 | Bought a warped chain mail for 399 gold pieces
 48059 | Vaults:2 | Identified the cursed +1 chain mail of Plog {Dex+2} (You bought it in a shop on level 2 of the Vaults)
 48343 | Orc:2    | Bought a potion of curing for 51 gold pieces
 48343 | Orc:2    | Bought a potion of curing for 51 gold pieces
 48343 | Orc:2    | Bought a potion of curing for 51 gold pieces
 48343 | Orc:2    | Bought 2 potions of curing for 102 gold pieces
 48343 | Orc:2    | Bought a potion of magic for 136 gold pieces
 48344 | Orc:2    | Bought a box of beasts for 260 gold pieces
 48661 | Depths:5 | Entered Level 5 of the Depths
 48778 | Depths:5 | Reached skill level 24 in Invocations
 49294 | Depths:5 | Reached XP level 26. HP: 134/211 MP: 39/39
 49399 | Depths:5 | Found a gateway to a ziggurat.
 49428 | Depths:5 | Found a gate to the Realm of Zot.
 49482 | Depths:5 | Found Taric's Jewellery Emporium.
 49483 | Depths:5 | Found Enaulol's Gadget Shop.
 49484 | Depths:5 | Found Sicex's Jewellery Emporium.
 49648 | Depths:5 | Bought an uncursed amulet of faith for 560 gold pieces
 50023 | Depths:5 | Got a faintly glowing zirconium amulet
 50024 | Depths:5 | Identified the amulet of the Sparrow {+Rage rElec Int+2 Dex+4} (You found it on level 5 of the Depths)
 50478 | Elf:1    | Entered Level 1 of the Elven Halls
 51192 | Elf:1    | Identified Dispater's Compendium of Supportive Conjuration
 51304 | Elf:2    | Reached skill level 25 in Invocations
 51512 | Elf:2    | Found a runed door.
 51537 | Elf:2    | Found a runed door.
 51619 | Elf:2    | Got an ichor-stained war axe
 51620 | Elf:2    | Identified the +6 war axe of Cataclysm {freeze, -Tele rN++ MP+9 Int+3} (You acquired it on level 2 of the Elven Halls)
 52329 | Elf:3    | Entered Level 3 of the Elven Halls
 52504 | Elf:3    | Noticed gg19's ghost (adept DrMo)
 52523 | Elf:3    | Killed gg19's ghost
 53039 | Elf:3    | Gained mutation: Armour fits poorly on your strangely shaped body. [a neqoxec]
 53465 | Elf:3    | Got a fine silver ring
 53469 | Elf:3    | Got a smoking glass ring
 53702 | Elf:3    | Reached XP level 27. HP: 106/220 MP: 39/39
 53712 | Elf:3    | HP: 11/220 [deep elf death mage/bolt of negative energy (38)]
 53712 | Elf:3    | Killed from afar by a deep elf high priest

Vault maps used:
D:1:      lemuel_arrival_river_passageway, nemelex_xobeh_ov_fountains_minmay
D:2:      xom_redecorated, uniq_sigmund
D:3:      grunt_qazlal_clouds, trog_butcher_becter
D:4:      lemuel_castle_with_subvaults, grunt_temple_overflow_cloverleaf,
          temple_hall, first_ration, gup_sewer_entry_glass
D:5:      nicolae_overflow_crystal_walls, minmay_guarded_unrand_vampires_tooth,
          uniq_crazy_yiuf_cottage
D:7:      kennysheep_mini_moat, minmay_misc_feat_square, grunt_ogre_cave
D:8:      gammafunk_beogh_shrine, kiku_gazebo_pond_becter, uniq_grum
D:9:      elyvilon_altar_5, serial_column_ruins, column_ruins_temple_circle,
          column_ruins_hut, column_ruins_columns_straight,
          column_ruins_open_small, column_ruins_corridor_straight,
          column_ruins_open_tiny, column_ruins_columns_corner,
          column_ruins_grid_3, guppyfry_early_elven_hall
D:10:     orc_david_3, small_statue_intersection
D:11:     serial_shops, shop, shop_fountains, shop, basic_altar
D:13:     fort_yaktaur, lightli_airlock
D:14:     david_vaults_2, hangedman_decor_slide_cut,
          minmay_checkered_concentric_circles, uniq_snorg
D:15:     gammafunk_depths_entry_grave, minmay_misc_feat_room, uniq_kirke
Lair:1:   grunt_megastairs_3
Lair:2:   swamp_mist, beast_lair_carwin_10
Lair:3:   grunt_megastairs_2
Lair:4:   dummy_snake_entry, minmay_lair_oklob_bushes
Lair:5:   minmay_slime_entry_oklob_open, lemuel_fruit_fields
Lair:6:   hangedman_lair_in_review, basic_altar
Swamp:1:  evilmike_swamp_ruin_rubble_2, swamp_pool2, nicolae_swamp_treefoil,
          nicolae_swamp_dense_foliage
Swamp:2:  serial_swamp_ruin, evilmike_swamp_ruin_house_4,
          evilmike_swamp_ruin_house_2, evilmike_swamp_ruin_house_3,
          infiniplex_staircase_pool
Swamp:3:  evilmike_swamp_ruin_house_6
Swamp:4:  swamp_icy
Snake:1:  nicolae_snake_horde_hoard
Snake:2:  serial_shops, shop, lemuel_oklob_altar, uniq_aizul
Snake:3:  st_stairs_5, uniq_vashnia, uniq_agnes, uniq_jorgrun
Snake:4:  snake_pit
Orc:1:    portal_ice_cave_entry_imps, nicolae_volcano_entry_lava_flow
Orc:2:    st_orc_ogre_mass
Elf:1:    elf_arrival_001, minmay_elf_sorcery
Elf:2:    palyth_stone_intersect
Elf:3:    minmay_elf_hall_not_hex
Vaults:1: ontoclasm_vaults_hangar, nicolae_vaults_three_branches,
          grunt_vaults_bifocal, nicolae_vaults_little_ls, v_misc_1,
          st_spiral_rooms, ontoclasm_vaults_loading_screen,
          nicolae_vaults_circle_grid_b, v_alt_pattern_6, v_misc_9, serial_shops,
          shop_statue, shop, nicolae_shop_behind_doors,
          nicolae_shop_window_shopping, shop
Vaults:2: minmay_crypt_entry_simple_walls, ontoclasm_vaults_twist, v_misc_31,
          nicolae_vaults_what_the_h, grunt_vaults_diagonal,
          ontoclasm_vaults_eye, nicolae_vaults_angled_halls,
          vaults_room_corners, vaults_mumra_hexcomb, vaults_room_ringed_pool,
          grunt_vaults_hallway_long, hangedman_vaults_restitches,
          grunt_vaults_focal, vaults_dpeg_encased_lava, serial_shops,
          nicolae_shop_trees
Vaults:3: hangedman_vaults_variations, ontoclasm_vaults_spin,
          hangedman_vaults_pinch, nicolae_vaults_little_squares_3,
          vaults_standard_mumra_x, ontoclasm_vaults_loading_screen, v_misc_1,
          v_alt_pattern_2, vaults_room_stairs_pillars, vaults_room_glass_cross,
          vaults_dpeg_cross, vaults_room_stairs_pillars, serial_ice_b,
          serial_shops, shop, uniq_xtahua
Vaults:4: st_octagons_2, nicolae_vaults_little_squares_4, vaults_dpeg_hooks,
          v_alt_pattern_2, ontoclasm_vaults_hangar, v_misc_28, v_misc_10,
          nicolae_vaults_border_crossing, vaults_room_pool, serial_shops, shop
Depths:1: hangedman_abyss_entry_splay, hangedman_coc_ice_floe,
          lemuel_crystal_altar, serial_sigils_hangedman_confine,
          nrook_mini_vaults, eino_small_chamber_without_monster,
          minmay_misc_feat_iff, roderic_three_in_a_row, hangedman_blasphemy
Depths:2: hangedman_six_sided_sadism, abyss_entry, serial_bayou_ford_a,
          grunt_hell_entry_dis_mu, uniq_saint_roka
Depths:3: gammafunk_corrupted_shrine, rand_demon_pan_entry_3, hell_entry,
          abyss_entry_flame_altar, serial_shops, shop, kennysheep_inner_square,
          infiniplex_staircase_zigzag_2
Depths:4: grated_community_mu, pf_vacation_house_of_asmodeus, abyss_entry,
          hex_medium, st_stairs_1, serial_sigils_hangedman_gnaw
Depths:5: grunt_zot_entry_bicorn, enter_ziggurat_b, hell_entry,
          minmay_shop_grove
Sewer:    sewer_kobolds
IceCv:    ice_cave_caverns_01

Skill      XL: |  1  2  3  4  5  6  7  8  9 10 11 12 13 14 15 16 17 18 19 20 21 22 23 24 25 26 |
---------------+-------------------------------------------------------------------------------+-----
Shields        | 4 5 7 9 10 13 15 | 15.0
Fighting       | 4 5 7 9 10 12 13 14 15 16 18 | 18.9
Axes           | 3 4 5 7 9 12 14 16 18 20 | 20.0
Invocations    | 4 6 8 14 15 18 20 22 23 24 25 | 25.4
Dodging        | 4 5 10 11 | 11.4
Armour         | 7 8 9 10 12 13 14 15 16 18 | 18.9
Evocations     | 4 10 | 10.0
Spellcasting   | 2 4 |  4.0
Charms         | 2 6 7 8 |  8.0

Action                   |  1- 3 |  4- 6 |  7- 9 | 10-12 | 13-15 | 16-18 | 19-21 | 22-24 | 25-27 || total
-------------------------+-------+-------+-------+-------+-------+-------+-------+-------+-------++-------
Melee: War axe           |    49 |   102 |   447 |   544 |   826 |       |       |       |       ||  1968
       Battleaxe         |       |       |       |       |   299 |  1020 |   923 |  1078 |   979 ||  4299
 Cast: Song of Slaying   |       |       |       |       |       |       |       |    23 |    12 ||    35
Invok: Elemental Force   |       |       |       |     2 |     2 |       |     1 |     2 |       ||     7
       Upheaval          |       |       |       |     6 |    14 |    12 |    10 |     8 |     6 ||    56
       Disaster Area     |       |       |       |       |       |       |       |     3 |     2 ||     5
 Abil: Dig               |       |     1 |       |       |     2 |     3 |       |       |     1 ||     7
Evoke: Wand              |       |       |       |     1 |       |       |     1 |       |       ||     2
  Use: Potion            |     1 |       |     2 |     3 |     5 |     4 |     1 |     3 |     1 ||    20
       Scroll            |       |     6 |     9 |     8 |     7 |     9 |     6 |     7 |    12 ||    64
 Stab: Invisible         |       |       |     2 |       |       |     3 |       |       |       ||     5
       Petrified         |       |       |       |       |    10 |       |       |       |       ||    10
       Petrifying        |       |       |       |       |     1 |       |       |       |       ||     1
       Distracted        |       |       |       |       |       |       |       |     1 |       ||     1
  Eat: Chunk             |       |     4 |    11 |    14 |    25 |    22 |    12 |    14 |    24 ||   126
       Ration            |       |       |       |     2 |     3 |     4 |     3 |     4 |     1 ||    17
Armor: Scale mail        |    29 |    31 |       |       |       |       |       |       |       ||    60
       Chain mail        |       |    12 |   147 |    22 |       |       |    40 |       |       ||   221
       Plate armour      |       |       |       |   109 |   324 |   165 |       |    56 |   191 ||   845
       Gold dragon scale |       |       |       |       |       |   124 |    95 |       |    13 ||   232
       Fire dragon scale |       |       |       |       |       |       |     8 |    41 |       ||    49
       Ice dragon scales |       |       |       |       |       |       |       |    99 |       ||    99
Dodge: Dodged            |    11 |    32 |    98 |    99 |   228 |   142 |    78 |   222 |   159 ||  1069
       Deflected         |       |       |       |     1 |     9 |    39 |    21 |    17 |    19 ||   106
Block: Shield            |    32 |    49 |   351 |   418 |   819 |   842 |    47 |       |       ||  2558
       Large shield      |       |       |       |       |       |       |   805 |  1109 |   837 ||  2751

Table legend:
 A = Spawn XP
 B = Non-spawn XP
 C = Spawn XP percentage of total XP
 D = Spawn monster count
 E = Non-spawn monster count
 F = Spawn count percentage of total count
 G = Total turns spent on level
                    A         B        C        D         E        F      G
               +---------+---------+-------+---------+---------+-------+---------
         Total |       0 | 1061118 |   0.0 |       0 |    2116 |   0.0 | 53712
               +---------+---------+-------+---------+---------+-------+---------
           D:1 |       0 |      32 |   0.0 |       0 |      18 |   0.0 |   470
           D:2 |       0 |     288 |   0.0 |       0 |      10 |   0.0 |   741
           D:3 |       0 |     206 |   0.0 |       0 |      32 |   0.0 |   928
           D:4 |       0 |    1296 |   0.0 |       0 |      80 |   0.0 |  1506
           D:5 |       0 |     675 |   0.0 |       0 |      15 |   0.0 |   718
           D:6 |       0 |     638 |   0.0 |       0 |       7 |   0.0 |   499
           D:7 |       0 |    1679 |   0.0 |       0 |      32 |   0.0 |   831
           D:8 |       0 |    3420 |   0.0 |       0 |      38 |   0.0 |  1630
           D:9 |       0 |    3504 |   0.0 |       0 |      24 |   0.0 |  1313
          D:10 |       0 |    2272 |   0.0 |       0 |      31 |   0.0 |  1159
          D:11 |       0 |    2996 |   0.0 |       0 |      41 |   0.0 |  1243
          D:12 |       0 |    5913 |   0.0 |       0 |      40 |   0.0 |  1017
          D:13 |       0 |   20632 |   0.0 |       0 |      71 |   0.0 |  1293
          D:14 |       0 |   17047 |   0.0 |       0 |      44 |   0.0 |  1743
          D:15 |       0 |   26317 |   0.0 |       0 |      81 |   0.0 |  1249
        Lair:1 |       0 |    5934 |   0.0 |       0 |      31 |   0.0 |   829
        Lair:2 |       0 |    4698 |   0.0 |       0 |      20 |   0.0 |  1457
        Lair:3 |       0 |    9160 |   0.0 |       0 |      29 |   0.0 |  1186
        Lair:4 |       0 |    2685 |   0.0 |       0 |      12 |   0.0 |  1338
        Lair:5 |       0 |    6827 |   0.0 |       0 |      24 |   0.0 |  1058
        Lair:6 |       0 |   17482 |   0.0 |       0 |      44 |   0.0 |  1399
       Swamp:1 |       0 |   12359 |   0.0 |       0 |      40 |   0.0 |   941
       Swamp:2 |       0 |   10859 |   0.0 |       0 |      32 |   0.0 |   590
       Swamp:3 |       0 |   11191 |   0.0 |       0 |      31 |   0.0 |   622
       Swamp:4 |       0 |   18813 |   0.0 |       0 |      51 |   0.0 |   915
       Snake:1 |       0 |   34128 |   0.0 |       0 |      65 |   0.0 |  1355
       Snake:2 |       0 |   10969 |   0.0 |       0 |      12 |   0.0 |  1227
       Snake:3 |       0 |   28712 |   0.0 |       0 |      37 |   0.0 |  1238
       Snake:4 |       0 |   56215 |   0.0 |       0 |      87 |   0.0 |  1456
         Orc:1 |       0 |    3666 |   0.0 |       0 |      28 |   0.0 |  1637
         Orc:2 |       0 |   18678 |   0.0 |       0 |      48 |   0.0 |  1125
         Elf:1 |       0 |   23214 |   0.0 |       0 |      39 |   0.0 |   807
         Elf:2 |       0 |   34148 |   0.0 |       0 |      47 |   0.0 |  1044
         Elf:3 |       0 |   48532 |   0.0 |       0 |      56 |   0.0 |  1383
      Vaults:1 |       0 |   31436 |   0.0 |       0 |      48 |   0.0 |  1247
      Vaults:2 |       0 |   48298 |   0.0 |       0 |      82 |   0.0 |  1290
      Vaults:3 |       0 |   56562 |   0.0 |       0 |      73 |   0.0 |  1663
      Vaults:4 |       0 |   67806 |   0.0 |       0 |      95 |   0.0 |  1452
      Depths:1 |       0 |   64918 |   0.0 |       0 |      81 |   0.0 |  2079
      Depths:2 |       0 |  106490 |   0.0 |       0 |     124 |   0.0 |  2432
      Depths:3 |       0 |   65208 |   0.0 |       0 |      73 |   0.0 |  1141
      Depths:4 |       0 |   89286 |   0.0 |       0 |     106 |   0.0 |  1915
      Depths:5 |       0 |   71425 |   0.0 |       0 |      72 |   0.0 |  1354
         Sewer |       0 |     143 |   0.0 |       0 |      11 |   0.0 |   373
         IceCv |       0 |   14361 |   0.0 |       0 |      54 |   0.0 |   819
               +---------+---------+-------+---------+---------+-------+---------
